 Dungeon Crawl Stone Soup version 0.30-a0-808-g6e0788376e (webtiles) character file.

Game seed: 13695180502695468839

11 hikkokomori the Digger (level 2, 0/16 HPs)
             Began as a Gargoyle Earth Elementalist on Feb 26, 2023.
             Slain by a hobgoblin (2 damage)
             ... on level 1 of the Dungeon.
             The game lasted 00:00:30 (264 turns).

hikkokomori the Digger (Gargoyle Earth Elementalist) Turns: 264, Time: 00:00:30

Health: 0/16       AC:  4    Str: 11    XL:     2   Next: 25%
Magic:  2/5        EV: 11    Int: 15    God:
Gold:   20         SH:  0    Dex: 10    Spells: 4/5 levels left

rFire   . . .      SeeInvis .    c - +0 lajatang
rCold   . . .      Faith    .    (shield currently unavailable)
rNeg    + . .      Spirit   .    a - +0 robe
rPois   ∞          Reflect  .    (no helmet)
rElec   +          Harm     .    (no cloak)
rCorr   .          Rampage  .    (no gloves)
Will    .....                    (no boots)
Stlth   ++                       (no amulet)
HPRegen 0.22/turn                (no ring)
MPRegen 0.09/turn                (no ring)

@: no status effects
A: sickness immunity, AC +2, negative energy resistance 1, electricity
resistance, torment resistance 1, petrification resistance
a: no special abilities


You were on level 1 of the Dungeon.
You visited 1 branch of the dungeon, and saw 1 of its levels.

You collected 20 gold pieces.

Inventory:

Hand Weapons
 c - a +0 lajatang (weapon)
Armour
 a - a +0 robe (worn)
Scrolls
 d - 2 scrolls of teleportation {unknown}
 g - a scroll of identify {unknown}
 h - a scroll of magic mapping {unknown}
Potions
 b - a potion of magic
 e - a potion of heal wounds {unknown}
 f - 2 potions of curing {unknown}
 i - a potion of flight {unknown}
 j - a potion of haste {unknown}


   Skills:
 + Level 1.0 Fighting
 - Level 1.5 Dodging
 + Level 2.6 Stealth
 - Level 2.0 Spellcasting
 - Level 0.7 Transmutations
 + Level 3.9 Earth Magic


You had 4 spell levels left.
You knew the following spells:

 Your Spells              Type           Power      Damage    Failure   Level
a - Sandblast             Erth           26%        2d8       4%          1

Your spell library contained the following spells:

 Spells                   Type           Power      Damage    Failure   Level
 Passwall                 Tmut/Erth      6%         N/A       13%         2
 Stone Arrow              Conj/Erth      14%        3d7       30%         3
 Petrify                  Tmut/Erth      8%         N/A       63%         4


Dungeon Overview and Level Annotations

Branches:
Dungeon (1/15)

Altars:


Innate Abilities, Weirdness & Mutations

You are immune to sickness and miasma.
Your stone body is resilient. (AC +2)
You are immune to poison.
You resist negative energy. (rN+)
You are resistant to electric shocks. (rElec)
You are resistant to unholy torment.
You are immune to petrification.


Message History

You are too injured to fight recklessly!
You are too injured to fight recklessly!
You are too injured to fight recklessly!
You are too injured to fight recklessly!
You are too injured to fight recklessly!
You are too injured to fight recklessly!
You are too injured to fight recklessly!
The quokka attacks as you move away! The quokka bites you.
* * * LOW HITPOINT WARNING * * *
The hobgoblin closely misses you.
Casting: Sandblast (safe; 4% risk of failure)
Confirm with . or Enter, or press ? or * to list all spells.
Aiming: Sandblast (safe; 4% risk of failure)
Press: ? - help, Shift-Dir - straight line, f - kobold
Aim: a kobold, wielding a +0 dagger and quivering stones (77% to hit)
The blast of sand hits the kobold.
The kobold is severely wounded.
The kobold barely misses you. The hobgoblin barely misses you.
The quokka barely misses you. The kobold closely misses you.
The hobgoblin barely misses you.
Casting: Sandblast (safe; 4% risk of failure)
Confirm with . or Enter, or press ? or * to list all spells.
Aiming: Sandblast (safe; 4% risk of failure)
Press: ? - help, Shift-Dir - straight line, f/p - kobold
Aim: a kobold, wielding a +0 dagger and quivering stones (heavily wounded, 77% to hit)
The blast of sand hits the kobold!
You kill the kobold!
The quokka closely misses you. The hobgoblin hits you.
* * * LOW HITPOINT WARNING * * *
Your Fighting skill increases to level 1!
Casting: Sandblast (safe; 4% risk of failure)
Confirm with . or Enter, or press ? or * to list all spells.
Aiming: Sandblast (safe; 4% risk of failure)
Press: ? - help, Shift-Dir - straight line, f - quokka
Aim: a quokka (75% to hit)
The blast of sand hits the quokka.
You kill the quokka!
The hobgoblin hits you but does no damage.
The hobgoblin hits you.
You die...

..........# ...$......#
..........## ...........
..........# ..........# ##
......†...## ...
......†)g..#..#.
##.##..@##......
##..##....#...... #########..#
#......## # ..........#
##.......# ..........#
#.....#....#
..........###........#.#
..........#.......##.#.#
..........).#..........# .. ..
..........###.....#.#..##.##.#


You could see a hobgoblin.

Vanquished Creatures
  A ball python (D:1)
  2 endoplasms (D:1)
  A giant cockroach (D:1)
  A quokka (D:1)
  2 bats (D:1)
  2 kobolds (D:1)
  2 rats (D:1)
11 creatures vanquished.

Notes
Turn   | Place    | Note
-------+----------+-------------------------------------------
     0 | D:1      | hikkokomori the Gargoyle Earth Elementalist began the quest
                  | for the Orb.
     0 | D:1      | Reached XP level 1. HP: 10/10 MP: 3/3
   225 | D:1      | Reached XP level 2. HP: 16/16 MP: 5/5
   264 | D:1      | Reached skill level 1 in Fighting
   264 | D:1      | Slain by a hobgoblin

Illustrated notes

Levels and vault maps discovered:
D:1:      mrwooster_arrival_statue, layout_rooms

Skill      XL: |  1  2 |
---------------+-------+-----
Fighting       | 1 |  1.0
Dodging        | |  1.5
Stealth        | |  2.6
Spellcasting   | |  2.0
Transmutations | |  0.7
Earth Magic    | |  3.9

Action                     || total
---------------------------++-------
  Melee: Lajatang          ||    25
   Cast: Sandblast         ||     3
   Stab: Sleeping          ||     3
 Armour: Robe              ||    17
  Dodge: Dodged            ||    36

Table legend: (Time is in decaauts)
 A = Elapsed time spent in this place.
 B = Non-inter-level travel time spent in this place.
 C = Inter-level travel time spent in this place.
 D = Time resting spent in this place.
 E = Time spent auto-exploring this place.
 F = Levels seen in this place.
 G = Mean time per level.
                   A        B        C        D        E       F      G
               +--------+--------+--------+--------+--------+-----+--------+
         Total |    274 |    274 |      0 |      0 |    184 |   1 |  274.0 |
       Dungeon |    274 |    274 |      0 |      0 |    184 |   1 |  274.0 |
               +--------+--------+--------+--------+--------+-----+--------+

Top non-repeatable levels by time:
     D:1: 274 daAuts
